 Dungeon Crawl Stone Soup version 0.31-a0-263-ge8cad7f256 (webtiles) character file.

Game seed: 13502510542842045877

44 qw the Shooter (level 3, -1/21 HPs)
             Began as a Gargoyle Hexslinger on July 13, 2023.
             Slain by an orc
             ... wielding a +0 hand axe
              (3 damage)
             ... on level 3 of the Dungeon.
             The game lasted 00:00:33 (1546 turns).

qw the Shooter (Gargoyle Hexslinger)                Turns: 1546, Time: 00:00:33

Health: -1/21      AC:  5    Str: 11    XL:     3   Next: 60%
Magic:  4/4        EV: 12    Int: 13    God:
Gold:   71         SH:  0    Dex: 14    Spells: 3/4 levels left

rFire   . . .        Y - +2 sling
rCold   . . .        (no shield)
rNeg    + . .        c - +0 robe
rPois   inf          (no helmet)
rElec   +            (no cloak)
rCorr   .            (no gloves)
SInv    .            (no boots)
Will    .....        (no amulet)
Stlth   +            (no ring)
HPRegen 0.23/turn    (no ring)
MPRegen 0.09/turn

%: no passive effects
@: no status effects
A: sickness immunity, AC +3, negative energy resistance 1, electricity
resistance, torment resistance 1, petrification resistance
a: no special abilities


You were on level 3 of the Dungeon.
You visited 1 branch of the dungeon, and saw 3 of its levels.

You collected 71 gold pieces.


Innate Abilities, Weirdness & Mutations

You are immune to sickness and miasma.
Your stone body is resilient. (AC +3)
You are immune to poison.
You resist negative energy. (rN+)
You are resistant to electric shocks. (rElec)
You are resistant to unholy torment.
You are immune to petrification.


   Skills:
 - Level 2.0 Fighting
 + Level 3.5 Ranged Weapons
 - Level 1.5 Dodging
 - Level 1.0 Spellcasting
 - Level 2.6 Hexes


You had 3 spell levels left.
You knew the following spells:

 Your Spells              Type           Power      Damage    Failure   Level
a - Slow                  Hex            28%        N/A       10%         1

Your spell library contained the following spells:

 Spells                   Type           Power      Damage    Failure   Level
 Inner Flame              Hex/Fire       4%         N/A       43%         3
 Portal Projectile        Hex/Tloc       8%         N/A       43%         3
 Cause Fear               Hex            3%         N/A       67%         4

Inventory:

Hand Weapons
 Y - a +2 sling (weapon)
Armour
 c - a +0 robe (worn)
Potions
 b - a potion of haste {unknown}
 d - a potion of enlightenment {unknown}
 e - a potion of degeneration {unknown}
 g - a potion of mutation {unknown}

Dungeon Overview and Level Annotations

Branches:
Dungeon (3/15)

Altars:


Message History

Enter note:
Enter note: Done exploring.
1511 ||| READING scroll labelled CAPLAGRIAMP.
As you read the scroll labelled CAPLAGRIAMP, it crumbles to dust.
It is a scroll of identify.
Really abort (and waste the scroll)?
Done exploring.
1512 ||| READING scroll labelled POIR BAD SOT.
As you read the scroll labelled POIR BAD SOT, it crumbles to dust.
Magic quickly surges around you.
It was a scroll of vulnerability.
Done exploring.
1513 ||| READING scroll labelled DUIGHI YBITO.
As you read the scroll labelled DUIGHI YBITO, it crumbles to dust.
It is a scroll of enchant weapon.
Your +1 sling glows red for a moment.
Done exploring.
(D) Dungeon
Where to? (* - list waypoints, Enter - D:2, ? - help)
What level of the Dungeon? (default 1, ? - help)
There is a stone staircase leading down here.
You feel your willpower return.
You climb downwards.
The orc shouts! x2; The orc priest shouts!
Found a scale mail.
There is a stone staircase leading up here.
There are monsters nearby!
Waypoint 2 assigned to D:3.
You shoot a sling bullet.
The sling bullet closely misses the orc.
The orc closely misses you.
The kobold throws a stone.
The stone completely misses you. The orc closely misses you.
You shoot a sling bullet.
The sling bullet completely misses the orc priest.
The orc hits you with a +0 hand axe. The orc closely misses you.
The orc priest mumbles some strange prayers to Beogh against you.
Beogh smites you!
Ouch! That really hurt!
The kobold throws a stone.
The stone misses you.
1546 ||| STAIRDANCE The orc hits you with a +0 hand axe.
You die...

.... ....
..... ...
##+##...
#...#.#+#
#..o....#
#.o@..#
+[o.....#
#....##+#
+....#
#...##
.....
####.K
...


You could see an orc priest, 2 orcs and a kobold.

Vanquished Creatures
  A worm (D:2)
  A dart slug (D:1)
  6 bats
  An endoplasm (D:2)
  2 giant cockroaches (D:2)
  3 hobgoblins
  2 jackals (D:1)
  2 kobolds (D:1)
  2 quokkas (D:1)
  7 ball pythons (D:1)
  A frilled lizard (D:2)
  6 goblins (D:1)
  A rat (D:2)
35 creatures vanquished.

Notes
Turn   | Place    | Note
-------+----------+-------------------------------------------
     0 | D:1      | qw the Gargoyle Hexslinger began the quest for the Orb.
     0 | D:1      | Reached XP level 1. HP: 12/12 MP: 2/2
     0 | D:1      | 0 ||| qw: Version: 0.3-a-52-g30416fa
     0 | D:1      | 0 ||| qw: Game counter: 7374
     0 | D:1      | 0 ||| qw: Melee chars always use a shield: true
     0 | D:1      | 0 ||| qw: God list: Okawaru
     0 | D:1      | 0 ||| qw: Allow faded altars: false
     0 | D:1      | 0 ||| qw: Do Orc after clearing Dungeon:15 true
     0 | D:1      | 0 ||| qw: Do second Lair branch before Depths: true
     0 | D:1      | 0 ||| qw: Lair rune preference: random
     0 | D:1      | 0 ||| qw: Goals: Normal
     0 | D:1      | 0 ||| PLANNING D:1-11
   133 | D:1      | Reached XP level 2. HP: 16/16 MP: 3/3
   417 | D:1      | Reached skill level 3 in Ranged Weapons
   507 | D:1      | Reached XP level 3. HP: 13/21 MP: 4/4
   570 | D:1      | Found a faded altar of an unknown god.
   821 | D:1      | 821 ||| READING scroll labelled EWIMISKY PUTSE.
   825 | D:1      | 825 ||| DROPPING scroll of poison.
   826 | D:1      | 826 ||| DROPPING scroll of immolation.
   861 | D:2      | 861 ||| STAIRDANCE
  1511 | D:2      | 1511 ||| READING scroll labelled CAPLAGRIAMP.
  1512 | D:2      | 1512 ||| READING scroll labelled POIR BAD SOT.
  1513 | D:2      | 1513 ||| READING scroll labelled DUIGHI YBITO.
  1545 | D:3      | HP: 2/21 [orc priest/divine providence (16)]
  1546 | D:3      | 1546 ||| STAIRDANCE
  1546 | D:3      | Slain by an orc

Levels and vault maps discovered:
D:1:      ldierk_walled_garden_2, layout_basic,
          hellmonk_ecumenical_altar_blasted
D:2:      layout_basic, serial_forest, infiniplex_forest_clump_tiny,
          infiniplex_forest_clump_diagonal, infiniplex_forest_clump_curved,
          infiniplex_forest_lined_3, infiniplex_forest_lined_3,
          infiniplex_forest_corner_1, infiniplex_forest_straight_2
D:3:      layout_basic, serial_shops, shop, minivault_14, uniq_grinder,
          uniq_pargi

Skill      XL: |  1  2 |
---------------+-------+-----
Ranged Weapons | 3 |  3.5
Fighting       | 2 |  2.0
Dodging        | |  1.5
Spellcasting   | |  1.0
Hexes          | |  2.6

Action                     || total
---------------------------++-------
   Fire: Sling             ||   127
    Use: Scroll            ||     4
 Armour: Robe              ||    25
  Dodge: Dodged            ||    51

Table legend:
 A = Non-vault XP
 B = Vault XP
 C = Vault XP percentage of total XP
 D = Non-vault monster count
 E = Vault monster count
 F = Vault count percentage of total count
                 A         B        C        D         E       F
            +---------+---------+-------+---------+---------+-------
      Total |      63 |       0 |   0.0 |      35 |       0 |   0.0
            +---------+---------+-------+---------+---------+-------
        D:1 |      45 |       0 |   0.0 |      26 |       0 |   0.0
        D:2 |      18 |       0 |   0.0 |       9 |       0 |   0.0
            +---------+---------+-------+---------+---------+-------
